 Dungeon Crawl Stone Soup version 0.30.1-3-gfc49f6343a (webtiles) character file.

Game seed: 12374433642078474282

118 shmup the Firebug (level 5, 0/28 HPs)
             Began as a Tengu Fire Elementalist on Aug 2, 2023.
             Succumbed to a scorpion's poison
             ... on level 3 of the Dungeon.
             The game lasted 00:04:26 (2956 turns).

shmup the Firebug (Tengu Fire Elementalist)         Turns: 2956, Time: 00:04:27

Health: 0/28       AC:  2    Str:  9    XL:     5   Next: 2%
Magic:  2/9        EV: 14    Int: 17    God:
Gold:   229        SH:  0    Dex: 12    Spells: 5/8 levels left

rFire   + . .        a - +0 spear
rCold   . . .        (no shield)
rNeg    . . .        t - +0 robe
rPois   .            (helmet restricted)
rElec   .            (no cloak)
rCorr   .            (no gloves)
SInv    +            (boots unavailable)
Will    .....        (no amulet)
Stlth   ++           (no ring)
HPRegen 0.24/turn    (no ring)
MPRegen 0.11/turn

%: no passive effects
@: lethally poisoned (0 -> -10), flying quickly and evasively, quick
A: beak, talons 3, nimble flight, see invisible, clumsy 1, fire resistance 1
a: no special abilities


You were on level 3 of the Dungeon.
You visited 1 branch of the dungeon, and saw 4 of its levels.

You collected 229 gold pieces.

Inventory:

Hand Weapons
 a - a +0 spear (weapon)
 b - a +0 dagger
Missiles
 d - 24 stones (quivered)
 p - 4 poisoned darts
Armour
 t - a +0 robe (worn)
 v - a +0 pair of gloves
Jewellery
 u - a ring of willpower
Scrolls
 e - 7 scrolls of identify {unknown}
 f - 2 scrolls of noise {unknown}
 j - a scroll of blinking {unknown}
 l - 5 scrolls of magic mapping {unknown}
 n - a scroll of immolation {unknown}
 o - a scroll of acquirement {unknown}
 q - a scroll of brand weapon {unknown}
 r - 2 scrolls of enchant weapon {unknown}
 w - a scroll of vulnerability {unknown}
Potions
 c - a potion of magic
 g - 2 potions of mutation
 h - a potion of might {unknown}
 i - a potion of resistance {unknown}
 k - a potion of ambrosia {unknown}
 m - a potion of curing {unknown}
 s - a potion of degeneration {unknown}


   Skills:
 - Level 2.1 Dodging
 - Level 2.0 Stealth
 - Level 2.0 Spellcasting
 + Level 3.5 Conjurations
 * Level 5.3 Fire Magic


You had 5 spell levels left.
You knew the following spells:

 Your Spells              Type           Power      Damage    Failure   Level
a - Foxfire               Conj/Fire      64%        2x1d7     3%          1
b - Scorch                Fire           38%        2d7       3%          2

Your spell library contained the following spells:

 Spells                   Type           Power      Damage    Failure   Level
 Inner Flame              Hex/Fire       10%        N/A       19%         3
 Volatile Blastmotes      Fire/Tloc      20%        2d11      19%         3
 Cigotuvi's Dreadful Rot  Necr/Pois/Air  2%         N/A       28%         2
 Ignite Poison            Fire/Tmut/Pois 7%         N/A       28%         3
 Flame Wave               Conj/Fire      16%        2d7       30%         4
 Freezing Cloud           Conj/Ice/Air   2%         6-21      97%         5


Dungeon Overview and Level Annotations

Branches:
Dungeon (4/15) Zot: 21071
 Temple: D:4-7

Altars:
The Shining One

Shops:
D:3 [

Annotations:
D:3 3 runed translucent doors, BaconRulez's ghost, amateur HOFi


Innate Abilities, Weirdness & Mutations

You have a beak for a mouth.
You have claws for feet.
Your magical nature lets you fly swiftly and evasively.
You have supernaturally acute eyesight. (SInv)
You are clumsy. (Dex -2)
Your flesh is heat resistant. (rF+)


Message History

The scorpion poisons you!
Unknown command.
Casting: Scorch (safe; 3% risk of failure)
Confirm with . or Enter, or press ? or * to list all spells.
Flames lash the scorpion.
The scorpion is burned terribly!
The scorpion is moderately wounded.
You feel very sick. The scorpion barely misses you.
Unknown command.
You feel sick. The scorpion misses you. The scorpion stings you.
* * * LOW HITPOINT WARNING * * *
You are more poisoned.
The scorpion poisons you!
You fly upwards.
Level annotation: 3 runed translucent doors, BaconRulez's ghost, amateur HOFi
* * * LOW HITPOINT WARNING * * *
You feel very sick.
There is a stone staircase leading down here.
* * * LOW HITPOINT WARNING * * *
You feel very sick.
It was a potion of mutation.
You feel extremely strange.
Your vision sharpens.
You feel clumsy.
You feel resistant to heat.
You feel sick.
The scorpion stings you but does no damage.
Okay, then.
You feel sick. The scorpion attacks as you move away!
The scorpion closely misses you.
You feel sick.
The scorpion is no longer more vulnerable to fire.
You feel sick.
You see here a +0 dagger.
The scorpion attacks as you move away! The scorpion stings you.
* * * LOW HITPOINT WARNING * * *
You are more poisoned.
The scorpion poisons you!
* * * LOW HITPOINT WARNING * * *
You feel sick.
Items here: %%%.
The scorpion attacks as you move away! The scorpion completely misses you.
You die...

....▒▒▒▒▒..............▒▒▒▒▒▒
.▒▒▒▒ ▒.▒..▒▒▒▒.▒▒▒▒.▒ ▒▒
▒.▒..▒▒.....▒▒.▒
▒.▒..▒.......▒.▒ ▒
▒.▒..▒.......▒.▒ ▒
▒.▒▒....._.....▒ ▒ ▒▒▒
▒.▒▒.▒.....%.▒.▒
...8▒.▒▒▒.▒▒.▒.......▒.▒
....▒.....▒▒.▒▒.Q...▒▒.▒
▒8▒.▒▒▒▒▒.▒▒.▒▒▒▒%▒▒▒▒.▒
▒▒▒.▒.▒▒▒.▒▒.....s.....▒
o...▒.▒▒.............▒▒▒
o.oo▒.▒▒...▒.........▒
▒▒▒▒▒......▒.........▒
....8..▒...▒........>▒
......▒▒...▒.........▒
......▒▒▒▒▒▒.........▒


You could see a scorpion.

Vanquished Creatures
  Terence (D:3)
  An iguana (D:3)
  An adder (D:3)
  3 dart slugs
  2 endoplasms (D:1)
  A giant cockroach (D:3)
  3 hobgoblins
  10 jackals
  3 quokkas
  8 ball pythons
  4 bats
  2 frilled lizards
  4 goblins
  3 kobolds
  5 rats
51 creatures vanquished.

Vanquished Creatures (others)
  86 foxfires
86 creatures vanquished.

Grand Total: 137 creatures vanquished

Notes
Turn   | Place    | Note
-------+----------+-------------------------------------------
     0 | D:1      | shmup the Tengu Fire Elementalist began the quest for the
                  | Orb.
     0 | D:1      | Reached XP level 1. HP: 10/10 MP: 4/4
   126 | D:1      | Reached XP level 2. HP: 15/15 MP: 4/6
   129 | D:1      | Learned a level 2 spell: Scorch
   408 | D:1      | Reached skill level 4 in Fire Magic
   713 | D:1      | Reached XP level 3. HP: 19/19 MP: 5/7
  2016 | D:2      | You fall into a shaft and drop 1 floor!
  2016 | D:3      | Found Daczuz's Armour Shop.
  2063 | D:3      | Noticed Terence
  2078 | D:3      | Killed Terence
  2079 | D:3      | Reached XP level 4. HP: 11/24 MP: 0/8
  2229 | D:3      | Reached skill level 5 in Fire Magic
  2491 | D:3      | Found a glowing golden altar of the Shining One.
  2578 | D:3      | Gained mutation: Your magical nature lets you fly swiftly
                  | and evasively. [Tengu growth]
  2578 | D:3      | Reached XP level 5. HP: 24/28 MP: 5/9
  2669 | D:3      | Found a runed translucent gate.
  2670 | D:3      | Found a runed translucent gate.
  2671 | D:3      | Found a runed translucent gate.
  2671 | D:3      | Identified the +12 short sword "Azoys" {flame, rC+ Stlth+}
  2671 | D:3      | Identified the +0 chain mail of the Big Bang {Str+4}
  2672 | D:3      | Noticed BaconRulez's ghost (amateur HOFi)
  2951 | D:3      | Gained mutation: You have supernaturally acute eyesight.
                  | (SInv) [potion of mutation]
  2951 | D:3      | Gained mutation: You are clumsy. (Dex -2) [potion of
                  | mutation]
  2951 | D:3      | Gained mutation: Your flesh is heat resistant. (rF+)
                  | [potion of mutation]
  2955 | D:3      | HP: 1/28 [poisoned by a scorpion]
  2956 | D:3      | Succumbed to a scorpion's poison

Illustrated notes

Levels and vault maps discovered:
D:1:      psy_arrival_fountain, layout_basic
D:2:      layout_loops_corners, dilly_ecumenical_altar_fadedgnrine,
          serial_bayou_pond_a
D:3:      layout_rooms, old_standard_altar, biasface_ghost_orc_armoury,
          serial_shops, shop, kennysheep_boxes, uniq_terence
D:4:      layout_loops_cross, nicolae_ru_awakened_eye

Skill      XL: |  1  2  3  4 |
---------------+-------------+-----
Conjurations   | 2 3 |  3.5
Fire Magic     | 4 5 |  5.3
Dodging        | |  2.1
Stealth        | |  2.0
Spellcasting   | |  2.0

Action                     |  1- 3 |  4- 6 || total
---------------------------+-------+-------++-------
  Melee: Unarmed           |     2 |       ||     2
         Dagger            |    12 |     1 ||    13
         Kick              |     3 |       ||     3
         Peck              |       |     1 ||     1
   Cast: Foxfire           |    36 |    15 ||    51
         Scorch            |    15 |     9 ||    24
    Use: Potion            |       |     1 ||     1
 Armour: Robe              |     5 |     3 ||     8
  Dodge: Dodged            |    29 |     6 ||    35
